 Dungeon Crawl Stone Soup version 0.16.2-12-gd0ad4c3 (webtiles) character file.

153 hannobal the Stinger (level 5, -4/35 HPs)
             Began as a Mummy Venom Mage on Oct 6, 2015.
             Slain by Grinder (6 damage)
             ... while paralysed by Grinder
             ... on level 4 of the Dungeon.
             The game lasted 00:13:03 (3733 turns).

hannobal the Stinger (Mummy Venom Mage)             Turns: 3733, Time: 00:13:04

Health: -4/35      AC:  2    Str: 12    XL:     5   Next: 12%
Magic:  6/9        EV:  2    Int: 14    God:
Gold:   100        SH:  0    Dex: 12    Spells: 2 memorised, 3 levels left

rFire  x . .     SeeInvis .     a - +1 whip
rCold  + + .     Clarity  .     g - +0 robe
rNeg   + + +     SustAb   .     (no shield)
rPois  ∞         Gourm    .     (no helmet)
rElec  .         Spirit   .     (no cloak)
rCorr  .         Warding  .     (no gloves)
rMut   .         Stasis   .     (no boots)
MR     .....                    (no amulet)
Stlth  ++........               (no ring)
                                j - ring of protection from cold

@: paralysed, not resistant to hostile enchantments, unstealthy
A: no food or potions, fire vulnerability, restore body, cold resistance 1,
negative energy resistance 3, poison resistance, torment resistance, unbreathing
a: no special abilities


You were on level 4 of the Dungeon.
You were not hungry.

You visited 1 branch of the dungeon, and saw 4 of its levels.

You collected 100 gold pieces.

Inventory:

Hand weapons
 a - a +1 whip (weapon)
 b - a +0 hunting sling
 l - a +0 dagger
Missiles
 f - 229 stones (quivered)
 h - 27 poisoned needles
 i - 55 sling bullets
 m - 40 bolts
 p - 24 poisoned bolts
Armour
 d - a +0 ring mail
 e - a +0 leather armour
 g - a +0 robe (worn)
 k - a +0 shield
Jewellery
 j - a ring of protection from cold (left hand)
Scrolls
 c - a scroll of immolation
 n - 4 scrolls of identify
 q - a scroll of remove curse
 r - a scroll of teleportation
Books
 o - a Young Poisoner's Handbook

   Spells                             Type                      Level
   a - Sting                          Conjuration/Poison           1
   b - Cure Poison                    Poison                       2
   c - Mephitic Cloud                 Conjuration/Poison/Air       3
   d - Olgreb's Toxic Radiance        Poison                       4
   e - Venom Bolt                     Conjuration/Poison           5
 s - a book of Alchemy

   Spells                             Type                      Level
   a - Sublimation of Blood           Necromancy                   2
   b - Alistair's Intoxication        Transmutation/Poison         4
   c - Condensation Shield            Ice                          4
   d - Petrify                        Transmutation/Earth          4
   e - Ignite Poison                  Fire/Transmutation           5
   f - Irradiate                      Conjuration/Transmutation    5


   Skills:
 - Level 0.2 Slings
 - Level 1.5 Dodging
 - Level 1.5 Stealth
 - Level 2.0 Spellcasting
 - Level 3.0 Conjurations
 + Level 4.1 Poison Magic


You had 3 spell levels left.
You knew the following spells:

 Your Spells              Type           Power        Failure   Level  Hunger
o - Olgreb's Toxic Radia  Pois           ##......     45%         4    N/A
z - Sting                 Conj/Pois      ##..         6%          1    N/A

Dungeon Overview and Level Annotations

Branches:
Dungeon (4/15)
 Temple: D:4-7

Altars:
Elyvilon
Nemelex Xobeh
Qazlal

Shops:
D:4 }

Annotations:
D:4 Grinder


Innate Abilities, Weirdness & Mutations

You do not eat or drink.
Your flesh is vulnerable to fire.
Your flesh is cold resistant.
You are immune to negative energy.
Your system is resistant to poisons.
You are immune to unholy pain and torment.
You can survive without breathing.


Message History

You shoot a stone. The stone barely misses Grinder.
Grinder hits you.
a - a +1 whip (weapon)
You closely miss Grinder.
Grinder is lightly wounded.
Grinder says, "Don't move a muscle."
Grinder hits you.
* * * LOW HITPOINT WARNING * * *
Grinder barely misses you.
You hit Grinder.
Grinder is lightly wounded.
Grinder misses you.
You barely miss Grinder.
Grinder is lightly wounded.
Grinder gestures at you.
You suddenly lose the ability to move!
Grinder hits you!
* * * LOW HITPOINT WARNING * * *
Grinder barely misses you. Grinder hits you.
You die...

...##.......##....#
...##.......#####'##
#####.......##.....#
..........####.....#
.#############.....# .....#
#####......## . .###.#
#...'.((...# ..# .#.>.#
#.###.....#### ...(
.#.#####.#......@5.(# .).#
.#.#...#.#.###...((.##....#
.#.#.#.......'....(.('...(#
.#.#.#...##.##....(.##....#
....†)...#..#######.# '###
.###.#.....# #.# #
.....#.....# #(#
##.........# #.#
............... ..#


You could see Grinder.

Vanquished Creatures
  2 worker ants (D:4)
  Ijyb (D:3)
  An adder (D:2)
  2 worms
  2 giant geckos (D:2)
  3 orcs (D:3)
  3 ball pythons
  4 giant cockroaches
  9 hobgoblins
  2 jackals (D:1)
  5 bats
  4 giant newts
  9 goblins
  7 kobolds
  8 rats
62 creatures vanquished.

Notes
Turn   | Place    | Note
--------------------------------------------------------------
     0 | D:1      | hannobal, the Mummy Venom Mage, began the quest for the Orb.
     0 | D:1      | Reached XP level 1. HP: 13/13 MP: 3/3
   188 | D:1      | Reached skill level 1 in Conjurations
   463 | D:1      | Found a sparkling altar of Nemelex Xobeh.
   578 | D:1      | Reached XP level 2. HP: 19/19 MP: 0/4
  1336 | D:2      | Reached XP level 3. HP: 20/24 MP: 0/6
  2000 | D:2      | Found a white marble altar of Elyvilon.
  2369 | D:3      | Reached XP level 4. HP: 30/30 MP: 5/7
  2616 | D:3      | Noticed Ijyb
  2640 | D:3      | Killed Ijyb
  2647 | D:3      | Learned a level 4 spell: Olgreb's Toxic Radiance
  3247 | D:3      | Found a stormy altar of Qazlal.
  3464 | D:4      | Found Ywkit's Gadget Boutique.
  3469 | D:4      | Reached skill level 4 in Poison Magic
  3469 | D:4      | Reached XP level 5. HP: 35/35 MP: 3/9
  3694 | D:4      | Noticed Grinder
  3707 | D:4      | Paralysed by Grinder for 2 turns
  3730 | D:4      | Paralysed by Grinder for 7 turns
  3733 | D:4      | Slain by Grinder

Action                   |  1- 3 |  4- 6 || total
-------------------------+-------+-------++-------
Melee: Club              |     4 |       ||     4
       Whip              |     9 |     5 ||    14
 Fire: Hunting sling     |    11 |    12 ||    23
Throw: Stone             |     1 |       ||     1
 Cast: Sting             |    91 |    60 ||   151
  Use: Scroll            |     7 |       ||     7
